Map: Opérations galactiques EC

Players

zidar - Winner!

  • Race: Zerg Zerg
  • League: Platinum
  • Spawn Location: 7:00

Spaßmarine

  • Race: Terran Terran
  • League: Platinum
  • Spawn Location: 1:00

VOD

Have the link to the VOD?

Description

Time

  • Played on: Oct. 19, 2016, 11:55 a.m.
  • Length: 15:38
Show
View Real Time Build Order
Export as new Build Order

zidar Zerg - Winner!

Build Orders: Hatch First 

Get SALT Encoding   

  12  0:01  Drone  
  13  0:12  Overlord  
  13  0:17  Drone  
  14  0:31  Drone x2  
  16  0:52  Hatchery  
  16  0:55  Drone  
  16  1:01  Extractor  
  16  1:03  Drone  
  16  1:23  Spawning Pool  
  16  1:24  Drone  
  16  1:34  Drone  
  16  1:36  Drone  
  18  1:40  Drone  
  19  2:12  Metabolic Boost  
  19  2:13  Queen  
  19  2:15  Queen  
  23  2:22  Drone x3  
  25  2:29  Overlord  
  25  2:41  Extractor  
  24  2:48  Roach Warren  
  23  3:07  Zergling x8  
  27  3:36  Lair  
  27  3:42  Drone x4  
  35  3:48  Drone x5  
  35  3:51  Overlord x2  
  36  4:08  Overlord x2  
  36  4:11  Drone  
  37  4:19  Roach  
  37  4:20  Roach x2  
  42  4:39  Roach x2  
  42  4:40  Roach x4  
  54  4:50  Glial Reconstitution  
  54  5:01  Evolution Chamber  
  54  5:02  Ravager  
  54  5:04  Ravager  
  54  5:05  Ravager  
  56  5:11  Drone x3  
  56  5:13  Drone  
  60  5:16  Overlord x2  
  60  5:20  Pneumatized Carapace  
  53  5:34  Overseer  
  53  5:58  Roach x8  
  69  6:08  Extractor  
  69  6:10  Extractor  
  66  6:41  Drone x2  
  66  6:44  Drone x7  
  74  6:49  Zerg Ground Armor Level 1  
  74  7:07  Overlord, Hatchery  
  74  7:08  Overlord  
  73  7:12  Drone  
  73  7:14  Drone  
  75  7:26  Drone x6  
  81  7:52  Evolution Chamber  
  81  7:57  Drone x9  
  89  8:06  Overlord x3  
  89  8:33  Drone x2  
  89  8:34  Drone x2  
  89  8:59  Drone x3  
  92  9:03  Overlord x2  
  92  9:04  Overlord  
  92  9:09  Roach  
  100  9:10  Roach x8  
  100  9:13  Ravager x6  
  100  9:16  Zerg Ground Armor Level 2  
  116  9:18  Zerg Melee Weapons Level 1  
  116  9:19  Tunneling Claws  
  116  9:28  Overseer  
  116  9:39  Queen  
  116  9:40  Extractor  
  116  9:41  Drone x3  
  116  9:42  Extractor  
  119  9:55  Infestation Pit  
  118  10:22  Drone x4  
  118  10:23  Drone x5  
  127  10:38  Drone  
  127  10:41  Roach x6  
  127  10:42  Roach x2  
  144  10:47  Hive  
  144  10:50  Hatchery  
  143  11:09  Roach  
  145  11:13  Overlord, Hatchery  
  145  11:14  Overlord x2  
  145  11:15  Overlord x3  
  144  11:26  Drone  
  144  11:32  Drone x2  
  103  12:07  Roach x3  
  103  12:08  Roach x14  
  137  12:10  Ravager  
  137  12:12  Ravager  
  139  12:20  Adrenal Glands  
  139  12:21  Ultralisk Cavern  
  139  12:22  Zerg Ground Armor Level 3  
  138  12:23  Zerg Melee Weapons Level 2  
  138  12:35  Queen  
  140  12:50  Roach x9  
  140  12:51  Roach x6  
  170  13:36  Chitinous Plating  
  171  13:41  Ravager x7  
  177  14:21  Extractor  
  176  14:26  Extractor  
Show
View Real Time Build Order
Export as new Build Order

Spaßmarine Terran 

Build Orders: 1/1/1 

Get SALT Encoding   

  12  0:01  SCV  
  13  0:13  SCV  
  14  0:19  Supply Depot  
  14  0:25  SCV  
  15  0:31  Refinery  
  15  0:41  SCV  
  16  0:46  Barracks  
  16  0:53  SCV  
  17  0:59  Refinery  
  17  1:06  SCV  
  19  1:18  SCV  
  19  1:33  Factory  
  19  1:35  Marine  
  19  1:38  Supply Depot  
  20  1:48  Orbital Command  
  20  1:58  Marine  
  21  2:19  Factory Reactor  
  21  2:24  SCV, Starport  
  22  2:38  Marine  
  23  2:49  Factory  
  27  3:06  Medivac  
  27  3:07  Marine  
  27  3:10  Widow Mine  
  27  3:11  Widow Mine  
  30  3:24  SCV  
  31  3:30  Supply Depot  
  31  3:32  Engineering Bay  
  31  3:45  Factory Tech Lab  
  31  3:51  Marine  
  36  3:59  Widow Mine x2  
  36  4:21  Hellion  
  38  4:25  Supply Depot  
  38  4:26  Armory  
  38  4:41  Marine  
  39  4:46  Medivac  
  39  4:47  Hellion  
  43  4:54  Command Center  
  43  5:39  Supply Depot  
  43  5:49  Thor  
  43  5:54  Marine  
  46  5:58  Terran Infantry Weapons Level 1  
  46  5:59  Terran Vehicle Weapons Level 1  
  46  6:02  Supply Depot  
  46  6:07  Hellbat  
  44  6:28  Starport Reactor  
  44  6:33  Barracks  
  44  6:37  Siege Tank  
  47  6:50  Planetary Fortress  
  47  6:56  Marine  
  48  7:18  Thor  
  54  7:39  Marine, Barracks Tech Lab  
  54  7:44  Hellion x2  
  59  7:55  SCV x2  
  59  7:56  Command Center  
  61  8:07  SCV  
  62  8:18  Stimpack  
  60  8:47  Marine x2  
  62  8:50  Terran Infantry Armor Level 1  
  62  8:51  Terran Vehicle And Ship Armor Level 1  
  54  9:02  Siege Tank  
  57  9:05  Marine x2  
  59  9:21  Refinery  
  59  9:26  Hellion x2  
  59  9:31  Supply Depot  
  63  9:37  SCV x2  
  65  9:41  Refinery  
  65  9:47  Supply Depot, Medivac x2  
  65  9:49  SCV x2  
  71  10:11  Siege Tank  
  71  10:13  Hellbat x2  
  78  10:22  Missile Turret  
  78  10:23  Armory  
  78  10:26  Planetary Fortress  
  78  10:38  Hellbat x2  
  82  10:44  Supply Depot  
  82  10:45  Missile Turret  
  82  10:52  Thor  
  88  11:08  SCV x3  
  91  11:11  Terran Vehicle Weapons Level 2  
  91  11:20  Terran Vehicle And Ship Armor Level 2  
  91  11:24  SCV  
  91  11:25  SCV  
  58  12:10  Combat Shield  
  58  12:11  Marine  
  58  12:14  Marine  
  60  12:17  SCV x3  
  60  12:19  Terran Infantry Weapons Level 2  
  63  12:23  Viking x2  
  63  12:29  Marine  
  68  12:32  Marine  
  69  12:38  SCV x3  
  72  12:44  Thor  
  72  12:46  Marine  
  72  12:50  Marine  
  80  12:52  Liberator x2  
  80  12:56  Hellbat x2  
  84  13:04  Marine  
  85  13:08  Marine  
  92  13:22  Marine  
  92  13:25  Marine  
  94  13:31  SCV  
  94  13:32  Missile Turret, SCV x2  
  97  13:38  Supply Depot  
  97  13:40  Marine  
  98  13:43  Marine  
  99  14:13  Refinery  
  99  14:16  Thor  
  105  14:18  Hellbat  
  105  14:19  Hellbat  
  105  14:22  Refinery  
Tags
 
Add a new tag
Caveats
  • Supply blocks, unpowered buildings, or Contaminate may cause inaccurate times.
  • Supply counts are checked every 10 seconds.